 Dungeon Crawl Stone Soup version 0.27-a0-760-gc38aae387d (webtiles) character file.

Game seed: 9871957915899259137

163 tsouns the Magician (level 5, -2/40 HPs)
             Began as a Djinni Venom Mage on Mar 24, 2021.
             Was a Believer of Ru.
             Slain by a goblin
             ... wielding a +0 club
             ... led by Robin
              (4 damage)
             ... on level 3 of the Dungeon.
             The game lasted 00:05:35 (3370 turns).

tsouns the Magician (Djinni Venom Mage)             Turns: 3370, Time: 00:05:36

Health: -2/40      AC:  4    Str:  7    XL:     5   Next: 44%
Gold:   163        EV: 12    Int: 17    God:    Ru [**....] SH:  0 Dex: 14

rFire    + + .     SeeInvis .   c - +2 short sword (drain)
rCold    x . .     Faith    .   (shield unavailable)
rNeg     . . .     Spirit   .   a - +0 robe
rPois    ∞         Reflect  .   (no helmet)
rElec    .         Harm     .   (no cloak)
rCorr    .         Rampage  .   (no gloves)
Will     .....                  (boots unavailable)
Stlth    ++........             (no amulet)
HPRegen  0.13/turn              (no ring)
MPRegen  0.00/turn              (ring unavailable)

@: berserk cooldown, flying, slowed, very slow
A: fire resistance 2, cold vulnerability 1, missing a hand, float, innate
caster, hp casting, extra vitality 1, molten scales 1, blink, blurry vision 1
a: Blink, Renounce Religion


You were on level 3 of the Dungeon.
You worshipped Ru.
Ru was pleased with you.
You visited 1 branch of the dungeon, and saw 3 of its levels.

You collected 163 gold pieces.

Inventory:

Hand Weapons
 c - a +2 short sword of draining (weapon)
 j - a +1 spear of venom
 q - a +3 flail
Armour
 a - a +0 robe (worn)
Wands
 n - a wand of paralysis (11)
Scrolls
 b - 2 scrolls of magic mapping {unknown}
 d - a scroll of enchant armour {unknown}
 f - a scroll of holy word {unknown}
 g - 2 scrolls of identify {unknown}
 i - 2 scrolls of enchant weapon {unknown}
 k - a scroll of teleportation {unknown}
 m - a scroll of amnesia {unknown}
Potions
 l - a potion of attraction {unknown}
 o - a potion of resistance {unknown}
 p - a potion of flight {unknown}


   Skills:
 + Level 3.1 Fighting
 - Level 2.1 Dodging
 - Level 1.5 Stealth
   Level 0.0 Shields
 + Level 3.8 Spellcasting


You couldn't memorise any spells.
You knew the following spells:

 Your Spells              Type           Power      Damage    Failure   Level
a - Sting                 Tmut/Pois      64%        1d6       3%          1
b - Poisonous Vapours     Pois/Air       32%        N/A       4%          2
c - Mephitic Cloud        Conj/Pois/Air  16%        N/A       10%         3
d - Ignite Poison         Fire/Tmut/Pois 16%        N/A       10%         3
e - Olgreb's Toxic Radia  Pois           16%        N/A       32%         4
f - Foxfire               Conj/Fire      64%        2x1d7     3%          1
g - Corpse Rot            Necr/Air       N/A        N/A       4%          2
Your spell library was empty.

Dungeon Overview and Level Annotations

Branches:
Dungeon (3/15)

Altars:
Ashenzari
Dithmenos
Fedhas
Nemelex Xobeh
Ru
Sif Muna
Trog
Xom


Innate Abilities, Weirdness & Mutations

You are immune to poison.
Your flesh is very heat resistant. (rF++)
You are vulnerable to cold. (rC-)
You are missing a hand.
You float through the air rather than walking.
You learn spells naturally, not from books.
Your magical power is your life essence.
You have superior vitality. (+4 HP)
You are partially covered in molten scales. (AC +2)
You can translocate small distances at will.
Scrolls take you a little longer to read.


Message History

The goblin shouts! x3
The hobgoblin barely misses you.
Your magical contamination has completely faded away.
Items here: ) [[ †.
You puncture the goblin!
You kill the goblin!
You see here a +0 dagger.
You feel a strong urge to attack something.
You feel your anger nearly subside.
You are no longer berserk.
You are exhausted.
You feel yourself slow down.
Casting: Sting (safe; 3% risk of failure)
Confirm with . or Enter, or press ? or * to list all spells.
Aiming: Poisonous Vapours (safe; 4% risk of failure)
Press: ? - help, Dir - move target, f - hobgoblin
Aim: a hobgoblin (strong) Poisonous vapours surround the hobgoblin!
* * * LOW HITPOINT WARNING * * *
The hobgoblin is engulfed in poison gas.
The hobgoblin is poisoned.
You kill the hobgoblin!
Casting: Poisonous Vapours (safe; 4% risk of failure)
Confirm with . or Enter, or press ? or * to list all spells.
Aiming: Poisonous Vapours (safe; 4% risk of failure)
Press: ? - help, Dir - move target, f - goblin
Aim: a goblin, wielding a +0 dagger (strong) Poisonous vapours surround the goblin!
* * * LOW HITPOINT WARNING * * *
The goblin is engulfed in poison gas.
The goblin is poisoned.
You kill the goblin!
Casting: Poisonous Vapours (safe; 4% risk of failure)
Confirm with . or Enter, or press ? or * to list all spells.
You don't have enough health to cast this spell.
Unknown command.
It was a potion of mutation.
You feel extremely strange.
Molten scales grow over part of your body.
Your vision blurs.
You feel jittery.
The goblin no longer looks unusually strong. x2
The goblin hits you with a +0 club.
You die...

.. ..##.#...)........>....#
#. . #)##.#####.###..###.#
#..### #..#.# #.##.....### ##
.....#..#.# #)#...##..## .#
#.....#.# #....##....# .##
#####.#.# #....#._...#
..######.....#####.#..##....#
#.##...............#...##..##
.....#.#.#......@g.g...[..##
##.#.#.#.#.##########...####
..)..........# #.####.#
###..#.#.#.#.#### #.# #.#
#..#.#........# #g# #.#
##.#...†.####.# #g####.######
#............ #..)gg.)..†..
#..##.#.##... ######)###)##
#.. .....# ..# #.#


You could see 2 goblins.

Vanquished Creatures
  An orc priest (D:3)
  An orc wizard (D:3)
  Robin (D:3)
  2 adders (D:2)
  A dart slug (D:1)
  8 orcs (D:3)
  5 endoplasms
  2 giant cockroaches
  12 goblins
  6 hobgoblins
  A quokka (D:1)
  10 ball pythons
  4 bats
  5 frilled lizards
  8 kobolds
  A rat (D:2)
68 creatures vanquished.

Notes
Turn   | Place    | Note
-------+----------+-------------------------------------------
     0 | D:1      | tsouns the Djinni Venom Mage began the quest for the Orb.
     0 | D:1      | Reached XP level 1. HP: 15/15 MP: 0/0
   171 | D:1      | Reached skill level 1 in Fighting
   171 | D:1      | Reached XP level 2. HP: 11/22 MP: 0/0
  1378 | D:1      | Reached XP level 3. HP: 26/27 MP: 0/0
  1378 | D:1      | Learned a level 1 spell: Foxfire
  1764 | D:2      | Found a shimmering altar of Xom.
  1788 | D:2      | Reached skill level 1 in Shields
  2212 | D:2      | Reached XP level 4. HP: 29/33 MP: 0/0
  2550 | D:3      | Found a bloodstained altar of Trog.
  2551 | D:3      | Found a blossoming altar of Fedhas.
  2677 | D:3      | Found a broken altar of Ashenzari.
  2714 | D:3      | Found a faded altar of an unknown god.
  2716 | D:3      | Became a worshipper of Ru the Awakened
  2718 | D:3      | Gained mutation: You are missing a hand. [Ru sacrifice]
  2718 | D:3      | Reached * piety under Ru
  2718 | D:3      | Reached ** piety under Ru
  2881 | D:3      | Found a sparkling altar of Nemelex Xobeh.
  2923 | D:3      | Found a shadowy altar of Dithmenos.
  3283 | D:3      | Reached XP level 5. HP: 15/40 MP: 0/0
  3283 | D:3      | Learned a level 2 spell: Corpse Rot
  3349 | D:3      | Noticed Robin
  3356 | D:3      | Killed Robin
  3370 | D:3      | Gained mutation: You are partially covered in molten
                  | scales. (AC +2) [potion of mutation]
  3370 | D:3      | Gained mutation: Scrolls take you a little longer to read.
                  | [potion of mutation]
  3370 | D:3      | Gained mutation: You can translocate small distances at
                  | will. [potion of mutation]
  3370 | D:3      | Slain by a goblin

Illustrated notes

Levels and vault maps discovered:
D:1:      nicolae_arrival_somewhat_less_tricky_arrival, layout_basic,
          minmay_pentomino_o2
D:2:      layout_rooms, xom_teletrap_fun
D:3:      minmay_evil_eye, layout_basic, nicolae_overflow_hidden_temple,
          nicolae_dithmenos_through_a_glass_darkly,
          chequers_ecumenical_altar_twisty, ashenzari_altar_1, uniq_robin

Skill      XL: |  1  2  3  4 |
---------------+-------------+-----
Fighting       | 1 2 3 |  3.1
Spellcasting   | 3 |  3.8
Shields        | 1 0 |  0.0
Dodging        | |  2.1
Stealth        | |  1.5

Action                   |  1- 3 |  4- 6 || total
-------------------------+-------+-------++-------
Melee: Short sword       |    31 |    53 ||    84
 Cast: Sting             |    25 |     7 ||    32
       Poisonous Vapours |    19 |    13 ||    32
Invok: Sacrifice a Hand  |       |     1 ||     1
  Use: Potion            |       |     3 ||     3
Armor: Robe              |     9 |     7 ||    16
Dodge: Dodged            |    25 |    21 ||    46
Block: Buckler           |     3 |     3 ||     6

Table legend: (Time is in decaauts)
 A = Elapsed time spent in this place.
 B = Non-inter-level travel time spent in this place.
 C = Inter-level travel time spent in this place.
 D = Time resting spent in this place.
 E = Time spent auto-exploring this place.
 F = Levels seen in this place.
 G = Mean time per level.
                   A        B        C        D        E       F      G
               +--------+--------+--------+--------+--------+-----+--------+
         Total |   3396 |   3376 |     20 |    278 |   2681 |   3 | 1132.0 |
       Dungeon |   3396 |   3376 |     20 |    278 |   2681 |   3 | 1132.0 |
               +--------+--------+--------+--------+--------+-----+--------+

Top non-repeatable levels by time:
     D:1: 1618 daAuts
     D:3: 1024 daAuts
     D:2: 753 daAuts
